 Dungeon Crawl Stone Soup version 0.32-a0-43-g058985b245 (webtiles) character file.

Game seed: 2331116027828107432

45 cforsyth the Magician (level 3, -1/30 HPs)
             Began as a Djinni Warper on Feb 3, 2024.
             Was a Follower of Qazlal.
             Slain by Ijyb
             ... wielding a +5 dagger of holy wrath
              (3 damage)
             ... on level 3 of the Dungeon.
             The game lasted 00:02:18 (1647 turns).

cforsyth the Magician (Djinni Warper)               Turns: 1647, Time: 00:02:18

Health: -1/30      AC:  3    Str: 10    XL:     3   Next: 90%
Gold:   110        EV: 11    Int: 14    God:    Qazlal [*.....] SH:  1 Dex: 12

rFire   + + +        a - +0 falchion
rCold   . . .        (no shield)
rNeg    . . .        b - +0 leather armour
rPois   ∞            (helmet restricted)
rElec   +            (no cloak)
rCorr   +            (no gloves)
SInv    .            (boots unavailable)
Will    .....        (no amulet)
Stlth   +            (no ring)
HPRegen 0.25/turn    (no ring)
MPRegen 0.00/turn

%: infuse magic (-2 HP)
@: resistant, flying, very slightly contaminated
A: sickness immunity, fire resistance 2, cold vulnerability 1, float, innate
caster, HP casting, extra vitality 1, antennae 2, dopey 1
a: Renounce Religion


You were on level 3 of the Dungeon.
You worshipped Qazlal.
Qazlal was aware of your devotion.
You visited 1 branch of the dungeon, and saw 3 of its levels.

You collected 110 gold pieces.

Inventory:

Hand Weapons
 a - a +0 falchion (weapon)
Missiles
 d - 7 darts of dispersal
 k - 10 poisoned darts
Armour
 b - a +0 leather armour (worn)
Jewellery
 j - an amulet of reflection
 o - a ring of see invisible
Scrolls
 c - a scroll of blinking
 g - a scroll of silence {unknown}
 h - 3 scrolls of identify {unknown}
 l - a scroll of vulnerability {unknown}
 n - a scroll of enchant armour {unknown}
 p - a scroll of teleportation {unknown}
Potions
 e - a potion of heal wounds {unknown}
 f - a potion of curing {unknown}


   Skills:
 + Level 3.0 Fighting
 - Level 1.7 Long Blades
 - Level 0.7 Throwing
 - Level 1.0 Armour
 - Level 2.1 Dodging
 + Level 3.4 Spellcasting
 + Level 3.4 Conjurations
 + Level 3.4 Hexes
 + Level 3.4 Summonings
 + Level 3.4 Necromancy
 + Level 3.4 Translocations
 + Level 3.4 Fire Magic
 + Level 3.4 Ice Magic
 + Level 3.4 Air Magic
 + Level 3.4 Earth Magic
 + Level 3.4 Alchemy


You knew the following spells:

 Your Spells              Type           Power      Damage    Failure   Level
a - Blink                 Tloc           22%        N/A       11%         2
b - Lesser Beckoning      Tloc           22%        N/A       11%         2
c - Teleport Other        Tloc           11%        N/A       21%         3
d - Manifold Assault      Tloc           11%        N/A       56%         4
e - Vhi's Electric Charg  Tloc/Air       22%        N/A       56%         4
f - Necrotise             Necr           44%        1d6       7%          1
Your spell library was empty.

Dungeon Overview and Level Annotations

Branches:
Dungeon (3/15)

Altars:
Qazlal

Annotations:
D:3 Ijyb


Innate Abilities, Weirdness & Mutations

You are immune to sickness and miasma.
You are immune to poison.
Your flesh is very heat resistant. (rF++)
You are vulnerable to cold. (rC-)
You float through the air rather than walking.
You learn spells naturally, not from books.
Your magical power is your life essence.
You have superior vitality. (+4 MHP)
You have a pair of antennae on your head.
You are dopey. (Int -2)


Message History

Ijyb writhes in agony.
Ijyb zaps a wand.
The puff of flame hits you. You resist.
Ijyb writhes in agony.
Ijyb zaps a wand.
The puff of flame hits you. You resist.
You miscast Necrotise.
You are very lightly contaminated with residual magic.
Nothing appears to happen.
Ijyb zaps a wand.
The puff of flame hits you. You resist.
Ijyb writhes in agony.
Ijyb writhes in agony.
Ijyb writhes in agony.
Ijyb hits you with a +5 dagger of holy wrath.
You are too injured to fight recklessly!
You are too injured to fight recklessly!
You are too injured to fight recklessly!
Casting: Necrotise (safe; 6% risk of failure)
Confirm with . or Enter, or press ? or * to list all spells.
Aiming: Necrotise (safe; 6% risk of failure)
Press: ? - help, Shift-Dir - straight line, f/p - Ijyb
Aim: Ijyb, wielding a +5 dagger of holy wrath, wearing a +0 leather armour and carrying a wand of flame (heavily wounded, chance to affect: 76%) Ijyb barely resists.
Ijyb hits you with a +5 dagger of holy wrath!
* * * LOW HITPOINT WARNING * * *
Casting: Necrotise (safe; 6% risk of failure)
Confirm with . or Enter, or press ? or * to list all spells.
Aiming: Necrotise (safe; 6% risk of failure)
Press: ? - help, Shift-Dir - straight line, f/p - Ijyb
Aim: Ijyb, wielding a +5 dagger of holy wrath, wearing a +0 leather armour and carrying a wand of flame (heavily wounded, chance to affect: 76%) Ijyb writhes in agony.
* * * LOW HITPOINT WARNING * * *
Ijyb hits you with a +5 dagger of holy wrath.
* * * LOW HITPOINT WARNING * * *
It was a potion of mutation.
You feel extremely strange.
You feel stupid. A pair of antennae grows on your head!
The antennae on your head grow some more.
Ijyb barely misses you.
It was a potion of resistance.
You feel protected.
Ijyb hits you with a +5 dagger of holy wrath.
You die...

...#..... ### .......
..##.#.... ##........
...#.....## .?...........##
...........g...#
...........@...#
...............##########
.)......................#
........................#
#.............#.........#
#.....#.....#..........# ##
##...####..(........#
.##########.#####[.#.........#
..................##.........#


You could see Ijyb.

Vanquished Creatures
  An adder (D:2)
  4 ball pythons
  An endoplasm (D:1)
  2 giant cockroaches (D:1)
  4 goblins
  A hobgoblin (D:1)
  2 jackals (D:2)
  3 kobolds
  3 quokkas
  2 bats (D:1)
  A frilled lizard (D:1)
  9 rats
33 creatures vanquished.

Vanquished Creatures (collateral kills)
  An endoplasm (D:2)
  A giant cockroach (D:2)
  A bat (D:2)
  A kobold (D:2)
4 creatures vanquished.

Grand Total: 37 creatures vanquished

Notes
Turn   | Place    | Note
-------+----------+-------------------------------------------
     0 | D:1      | cforsyth the Djinni Warper began the quest for the Orb.
     0 | D:1      | cforsyth set off with the following spells memorised:
                  | Blink, Lesser Beckoning, Teleport Other, Manifold Assault,
                  | Vhi's Electric Charge.
     0 | D:1      | Reached XP level 1. HP: 18/18 MP: 0/0
   158 | D:1      | Reached XP level 2. HP: 23/23 MP: 0/0
   840 | D:2      | Reached XP level 3. HP: 29/29 MP: 0/0
   840 | D:2      | Learned a level 1 spell: Necrotise
  1547 | D:3      | Found a faded altar of an unknown god.
  1591 | D:3      | Prayed at the altar of an unknown god.
  1591 | D:3      | Became a worshipper of Qazlal Stormbringer
  1591 | D:3      | Reached * piety under Qazlal
  1635 | D:3      | Noticed Ijyb
  1646 | D:3      | Gained mutation: You are dopey. (Int -2) [potion of
                  | mutation]
  1646 | D:3      | Gained mutation: You have a pair of small antennae on your
                  | head. [potion of mutation]
  1646 | D:3      | Gained mutation: You have a pair of antennae on your head.
                  | [potion of mutation]
  1647 | D:3      | Slain by Ijyb

Illustrated notes

Levels and vault maps discovered:
D:1:      psy_arrival_statuary, layout_loops_ring, due_unseen_surprise
D:2:      layout_basic, corexii_item_surrounded_by_moat
D:3:      layout_rooms, ebering_ecumenical_altar_box, corexii_shack,
          st_stairs_2, minmay_misc_feat_five, uniq_ijyb

Skill      XL: |  1  2  3 |
---------------+----------+-----
Spellcasting   | 3 |  3.4
Conjurations   | 3 |  3.4
Hexes          | 3 |  3.4
Summonings     | 3 |  3.4
Necromancy     | 3 |  3.4
Translocations | 3 |  3.4
Fire Magic     | 3 |  3.4
Ice Magic      | 3 |  3.4
Air Magic      | 3 |  3.4
Earth Magic    | 3 |  3.4
Alchemy        | 3 |  3.4
Fighting       | 3 |  3.0
Long Blades    | |  1.7
Throwing       | |  0.7
Armour         | |  1.0
Dodging        | |  2.1

Action                     || total
---------------------------++-------
  Melee: Falchion          ||    54
   Cast: Necrotise         ||    39
    Use: Potion            ||     2
 Armour: Leather armour    ||    43
  Dodge: Dodged            ||    45

Table legend: (Time is in decaauts)
 A = Elapsed time spent in this place.
 B = Non-inter-level travel time spent in this place.
 C = Inter-level travel time spent in this place.
 D = Time resting spent in this place.
 E = Time spent auto-exploring this place.
 F = Levels seen in this place.
 G = Mean time per level.
                   A        B        C        D        E       F      G
               +--------+--------+--------+--------+--------+-----+--------+
         Total |   1658 |   1634 |     24 |      0 |   1381 |   3 |  552.7 |
       Dungeon |   1658 |   1634 |     24 |      0 |   1381 |   3 |  552.7 |
               +--------+--------+--------+--------+--------+-----+--------+

Top non-repeatable levels by time:
     D:2: 815 daAuts
     D:1: 698 daAuts
     D:3: 144 daAuts
